 Dungeon Crawl Stone Soup version 0.20.0-6-gd3061e9 (console) character file.

121604 itsmu the Earth Mage (level 16, 0/97 HPs)
             Began as a Deep Elf Earth Elementalist on May 28, 2017.
             Was a High Priest of Sif Muna.
             Slain by a merfolk
             ... wielding a cursed +0 trident
              (21 damage)
             ... on level 1 of the Shoals.
             The game lasted 02:13:52 (42841 turns).

itsmu the Earth Mage (Deep Elf Earth Elementalist) Turns: 42841, Time: 02:13:53

Health: 0/97       AC:  8    Str:  5    XL:     16   Next: 32%
Magic:  6/37       EV: 18    Int: 28    God:    Sif Muna [*****.]
Gold:   1148       SH:  6    Dex: 15    Spells: 6/46 levels left

rFire    + . .     SeeInvis +   b - staff of wizardry
rCold    + . .     Gourm    .   r - +1 buckler {reflect}
rNeg     . . .     Faith    .   B - +0 robe {rF+}
rPois    .         Spirit   .   I - +2 hat {SInv}
rElec    .         Reflect  +   L - +0 cloak "Bozef" {+Inv}
rCorr    .         Harm     .   w - +1 pair of gloves
MR       ++...                  V - +0 pair of boots
Stlth    +++.......             m - amulet of regeneration
Regen    0.7/turn               n - ring of protection from cold
MPRegen  0.3/turn               s - ring of protection from magic

@: starving, deflect missiles
A: no striking features
a: Divine Energy, Channel Magic, Forget Spell, Renounce Religion, Evoke
Invisibility


You were on level 1 of the Shoals.
You worshipped Sif Muna.
Sif Muna was extremely pleased with you.
You were starving.

You visited 6 branches of the dungeon, and saw 26 of its levels.
You also visited: Ossuary.

You collected 3136 gold pieces.
You spent 1988 gold pieces at shops.

Inventory:

Hand Weapons
 a - a +1 demon trident of draining
   (You found it on level 6 of the Lair of Beasts)
Missiles
 y - 157 stones (quivered)
 Y - 767 arrows
Armour
 r - a +1 buckler of reflection (worn)
   (You took it off a tengu warrior on level 15 of the Dungeon)
 w - a +1 pair of gloves (worn)
   (You found it on level 2 of the Dungeon)
 B - a +0 robe of fire resistance (worn)
   (You took it off an orc on level 10 of the Dungeon)
 I - a +2 hat of see invisible (worn)
   (You acquired it on level 4 of the Lair of Beasts)
 L - the +0 cloak "Bozef" (worn) {+Inv}
   (You found it on level 12 of the Dungeon)

   It lets you turn invisible.
 V - a +0 pair of boots (worn)
   (You found it on level 12 of the Dungeon)
Magical Staves
 b - an uncursed staff of wizardry (weapon)
   (You found it on level 2 of the Lair of Beasts)
Jewellery
 e - an uncursed ring of teleportation
   (You found it on level 10 of the Dungeon)
 l - an uncursed ring of fire
   (You found it on level 12 of the Dungeon)
 m - an amulet of regeneration (around neck)
   (You found it on level 1 of the Dungeon)
 n - a ring of protection from cold (left hand)
   (You took it off a wight on level 11 of the Dungeon)
 s - a ring of protection from magic (right hand)
   (You found it on level 2 of the Lair of Beasts)
 N - the ring of Ikyck {rF++ rN+ MR- Str-4 Int+8}
   (You found it on level 5 of the Dungeon)

   [ring of positive energy]

   It affects your strength (-4).
   It affects your intelligence (+8).
   It greatly protects you from fire.
   It protects you from negative energy.
   It affects your resistance to hostile enchantments.
 O - an uncursed ring of positive energy
   (You found it on level 4 of the Lair of Beasts)
 Z - the amulet "Jeom" {+Rage +Inv rC+ Dex+2}
   (You acquired it on level 4 of the Lair of Beasts)

   [amulet of rage]

   It affects your dexterity (+2).
   It protects you from cold.
   It lets you turn invisible.
   It lets you go berserk.
Wands
 t - a wand of lightning (12/15)
   (You found it on level 1 of the Shoals)
 A - a wand of iceblast (13/15)
   (You found it on level 6 of the Lair of Beasts)
 D - a wand of clouds (0/9)
   (You found it on level 6 of the Dungeon)
 U - a wand of acid (4/15)
   (You found it on level 7 of the Dungeon)
 X - a wand of lightning (6/15)
   (You found it on level 4 of the Lair of Beasts)
Scrolls
 i - 2 scrolls of enchant armour
 k - a scroll of silence
 o - 4 scrolls of identify
 x - a scroll of fog
 z - 2 scrolls of teleportation
 E - 11 scrolls of remove curse
 F - 4 scrolls of blinking
 G - 4 scrolls of magic mapping
Potions
 h - 6 potions of flight
 j - 8 potions of curing
 p - 2 potions of magic
 q - a potion of cancellation
 H - 2 potions of heal wounds
 K - a potion of agility
 Q - 3 potions of resistance
 R - 6 potions of might
 S - 5 potions of brilliance
 T - a potion of ambrosia
Books
 f - a book of Misfortune
   (You found it on level 1 of the Shoals)

   Spells                             Type                      Level
   a - Confusing Touch                Hexes                        1
   b - Confuse                        Hexes                        3
   c - Gell's Gravitas                Translocation                3
   d - Petrify                        Transmutation/Earth          4
   e - Metabolic Englaciation         Hexes/Ice                    5
   f - Yara's Violent Unravelling     Hexes/Transmutation          5
 g - Sif Muna's Collected Works on the Helpful Mountains
   (You bought it in a shop on level 6 of the Dungeon)

   Spells                             Type                      Level
   a - Infusion                       Charms                       1
   b - Sandblast                      Earth                        1
   c - Shroud of Golubria             Charms/Translocation         2
   d - Swiftness                      Charms/Air                   2
   e - Regeneration                   Charms/Necromancy            3
   f - Spectral Weapon                Hexes/Charms                 3
   g - Deflect Missiles               Charms/Air                   6
Miscellaneous
 c - a phantom mirror
Comestibles
 d - 18 bread rations
 M - 7 royal jellies


   Skills:
 - Level 9.9 Fighting
 - Level 9.4 Dodging
 - Level 6.9 Stealth
 - Level 4.9 Shields
 + Level 15.8 Spellcasting
 - Level 10.0 Conjurations
 - Level 8.5 Charms
 - Level 4.5 Translocations
 - Level 5.2 Transmutations
 - Level 5.0 Air Magic
 + Level 16.5 Earth Magic
 - Level 5.0 Poison Magic
 - Level 4.5 Invocations
 - Level 4.2 Evocations


You had 6 spell levels left.
You knew the following spells:

 Your Spells              Type           Power        Failure   Level  Hunger
a - Sandblast             Erth           ######       0%          1    None
b - Mephitic Cloud        Conj/Pois/Air  ######..     1%          3    None
c - Petrify               Tmut/Erth      ######..     1%          4    None
d - Sticks to Snakes      Tmut           ######..     1%          2    None
e - Iron Shot             Conj/Erth      #######...   1%          6    ###....
f - Lee's Rapid Deconstr  Erth           #######...   1%          5    None
g - Passage of Golubria   Tloc           N/A          1%          4    None
o - Stone Arrow           Conj/Erth      ######       1%          3    None
A - Apportation           Tloc           #####.       1%          1    None
B - Blink                 Tloc           N/A          1%          2    None
Q - Deflect Missiles      Chrm/Air       ######....   9%          6    ###....
R - Regeneration          Chrm/Necr      #####.....   1%          3    None


Dungeon Overview and Level Annotations

Branches:
Dungeon (15/15)            Temple (1/1) D:7            Lair (6/6) D:9
 Shoals (1/4) Lair:2       Spider (0/4) Lair:2        Slime (0/5) Lair:6
    Orc (2/2) D:12            Elf (0/3) Orc:2        Vaults (0/5) D:13
 Depths (1/5) D:15

Altars:
Ashenzari
Cheibriados
Dithmenos
Elyvilon
Fedhas
Gozag
Hepliaklqana
Kikubaaqudgha
Makhleb
Nemelex Xobeh
Okawaru
Qazlal
Ru
Sif Muna
Trog
Uskayaw
Vehumet
Xom
Yredelemnul
The Shining One

Shops:
D:6 :   D:10 ?   D:11 =!(:(   D:12 [   Orc:2 *%:}

Portals:
Trove: D:11 (give +4 shadow dragon scales)


Message History

The water elemental engulfs you in water!
With effort, you pull free of the water engulfing you.
You gasp with relief as air once again reaches your lungs.
You enter the shallow water.
Moving in this stuff is going to be slow.
The merfolk completely misses you. The merfolk misses you.
The water elemental hits you.
The water elemental engulfs you in water!
The water elemental hits you!
* * * LOW HITPOINT WARNING * * *
The merfolk hits you with a trident!
* * * LOW HITPOINT WARNING * * *
You cannot read scrolls while unable to breathe!
With effort, you pull free of the water engulfing you.
You gasp with relief as air once again reaches your lungs.
The merfolk hits you with a trident!!
* * * LOW HITPOINT WARNING * * *
You block the water elemental's attack. The water elemental barely misses you.
The merfolk hits you with a trident!!
You die...

...............≈≈≈≈≈≈≈≈≈≈≈
#..≈≈.....##....≈≈≈≈≈≈≈≈≈
#..≈≈..########.≈≈≈≈≈≈≈≈≈
##...).## ##>≈≈≈≈≈≈≈≈
#.....## #.≈≈≈≈≈≈≈≈
.......## ####.≈≈≈≈≈≈≈≈
........######....≈≈≈≈≈≈≈≈
..≈≈≈..............#..≈≈≈≈
≈≈≈≈≈≈≈..≈≈≈≈.≈≈xm##...≈≈≈
≈≈≈≈≈≈≈≈≈≈≈≈≈≈≈≈EE.)......
≈≈≈...≈≈≈≈≈≈≈≈≈≈≈E≈≈.####.
≈...#.≈≈≈≈≈≈≈≈≈≈≈≈≈≈.#
...###..≈≈≈≈≈≈≈≈≈≈≈≈...
.### #..≈≈≈≈≈≈≈≈≈≈≈≈≈≈...
.# ##..≈≈≈≈≈≈≈≈≈≈≈≈≈≈≈≈≈≈
.# #..≈≈≈≈≈≈≈≈≈≈≈≈≈≈≈≈≈≈≈
.## #..≈≈≈≈≈≈≈≈≈≈≈≈≈≈≈≈≈≈≈


You could see a merfolk and 3 water elementals.

Vanquished Creatures
  Donald (Shoals:1)
  Snorg (Orc:1)
  An ettin (Orc:2)
  A merfolk impaler (Shoals:1)
  Josephine (D:11)
  2 fire dragons (D:15)
  A great orb of eyes (D:15)
  Fannar (D:10)
  10 hydras
  7 centaur warriors
  2 ice dragons
  A merfolk aquamancer (Shoals:1)
  3 tengu warriors
  6 two-headed ogres
  4 death yaks
  The ghost of Dirtsage the Slicer, a journeyman VSFi of Uskayaw (D:11)
  Urug (Lair:5)
  6 skeletal warriors (D:15)
  2 sea snakes (Shoals:1)
  3 unseen horrors
  2 orc knights
  3 oklob plants (Lair:6)
  2 orc sorcerers
  2 cyclopes
  A deep elf mage (D:15)
  5 ugly things (D:14)
  3 manticores
  The ghost of cliffracer the Caller, a novice OpSu (D:6)
  10 elephants
  An elephant (shapeshifter) (D:13)
  3 centaur zombies
  Psyche (D:9)
  A rust devil (D:10)
  4 black mambas
  2 gargoyles (D:11)
  A spiny frog (shapeshifter) (D:13)
  10 spiny frogs
  A torpor snail (Lair:2)
  A yaktaur (shapeshifter) (D:13)
  4 komodo dragons
  A yaktaur (D:15)
  A tengu conjurer (D:11)
  A redback zombie (D:15)
  4 merfolk (Shoals:1)
  4 polar bears
  6 trolls
  2 wind drakes (Shoals:1)
  A slime creature (shapeshifter) (Depths:1)
  A meliai (D:13)
  4 hornets
  8 hippogriffs
  A meliai zombie (D:10)
  11 blink frogs (Lair:6)
  14 dream sheep
  3 slime creatures
  2 shadows (D:15)
  17 spriggans
  4 wyverns
  36 yaks
  5 wraiths (D:11)
  A water elemental (Shoals:1)
  Grum (D:8)
  3 basilisks
  2 hungry ghosts
  11 vampire mosquitoes
  Menkaure (D:4)
  A warg (Orc:1)
  Edmund (D:5)
  An acid dragon (D:11)
  A swamp drake (D:5)
  10 water moccasins
  2 hornet zombies
  2 porcupines
  An eye of draining (D:11)
  2 necrophages (D:11)
  7 sky beasts
  A meliai simulacrum (D:15)
  49 orc warriors
  4 ice beasts
  3 black bears
  2 phantoms
  The ghost of dvd the Slasher, an amateur MiMo of Ru (D:3)
  10 ogres
  11 boggarts
  19 wolves
  37 centaurs
  A tengu (shapeshifter) (D:15)
  18 crocodiles
  4 big kobolds
  2 elf zombies (Ossuary)
  17 bullfrogs
  A gnoll sergeant (D:9)
  A wyvern zombie (D:11)
  6 scorpions
  A wyvern skeleton (D:12)
  13 killer bees
  15 wights
  4 howler monkeys
  An electric eel (Lair:1)
  2 bullfrog zombies
  8 crimson imps
  A quasit (D:11)
  4 hounds
  17 orc priests
  8 jellies
  Crazy Yiuf (D:2)
  5 centaur skeletons
  32 orc wizards
  Jessica (D:3)
  4 iguanas
  16 worker ants
  2 big kobold zombies (Ossuary)
  3 hound zombies
  A hound skeleton (D:5)
  A howler monkey zombie (D:11)
  6 mummies
  3 worker ant zombies
  16 adders
  9 gnolls
  7 shadow imps
  8 oozes
  2 adder skeletons
  2 adder zombies
  4 worms
  A dart slug (D:1)
  10 leopard geckos
  112 orcs
  11 bats
  6 giant cockroaches
  A gnoll zombie (Ossuary)
  10 goblins
  11 hobgoblins
  10 jackals
  6 quokkas
  4 frilled lizards
  30 kobolds
  A kobold zombie (Ossuary)
  3 orc zombies (Ossuary)
  2 quokka zombies
  6 rats
  2 rat zombies
  A butterfly (Lair:3)
  2 fungi
  A plant (Lair:6)
900 creatures vanquished.

Vanquished Creatures (collateral kills)
  Louise (D:15)
  Nessos (Lair:5)
  A hydra (Lair:6)
  A two-headed ogre (D:14)
  4 death yaks
  Nergalle (Lair:4)
  An orc knight (Orc:2)
  3 manticores
  A black mamba (Lair:6)
  A centaur skeleton (D:14)
  A centaur zombie (D:12)
  A spiny frog (Lair:2)
  3 polar bears (Lair:6)
  2 hornets (Lair:6)
  A blink frog (Lair:6)
  A hippogriff (Lair:2)
  3 spriggans (Lair:6)
  A yak (D:12)
  2 wargs (Orc:2)
  A water moccasin (Lair:2)
  7 orc warriors
  A black bear (Lair:6)
  6 wolves
  4 centaurs (D:15)
  4 crocodiles
  2 bullfrogs
  A howler monkey (D:15)
  3 orc priests
  An iguana (D:12)
  2 orc wizards (Orc:2)
  A worker ant (Lair:2)
  A worm (Lair:2)
  5 orcs
  A fungus (Lair:2)
70 creatures vanquished.

Vanquished Creatures (others)
  A porcupine (Lair:4)
  A bush (Lair:6)
  10 fungi
  17 plants
29 creatures vanquished.

Grand Total: 999 creatures vanquished

Notes
Turn   | Place    | Note
-------+----------+-------------------------------------------
     0 | D:1      | itsmu the Deep Elf Earth Elementalist began the quest for the Orb.
     0 | D:1      | Reached XP level 1. HP: 10/10 MP: 6/6
   320 | D:1      | Reached XP level 2. HP: 15/15 MP: 6/8
   908 | D:2      | Reached XP level 3. HP: 20/20 MP: 7/10
  1014 | D:2      | Reached skill level 1 in Fighting
  1017 | D:2      | Reached skill level 4 in Earth Magic
  1139 | D:2      | Learned a level 3 spell: Stone Arrow
  1199 | D:2      | Found a stormy altar of Qazlal.
  1200 | D:2      | Noticed a fire elemental
  1201 | D:2      | Noticed an earth elemental
  1202 | D:2      | Noticed an air elemental
  1202 | D:2      | Noticed a water elemental
  1275 | D:2      | Reached XP level 4. HP: 25/25 MP: 9/12
  1552 | D:2      | Found a runed door.
  1868 | D:2      | Noticed Crazy Yiuf
  1877 | D:2      | Killed Crazy Yiuf
  1877 | D:2      | Reached skill level 1 in Conjurations
  1877 | D:2      | Reached XP level 5. HP: 29/29 MP: 4/14
  2078 | D:3      | Noticed Jessica
  2082 | D:3      | Killed Jessica
  2178 | D:3      | Reached skill level 5 in Spellcasting
  2202 | D:3      | Noticed dvd's ghost (amateur MiMo)
  2495 | D:3      | Killed dvd's ghost
  2495 | D:3      | Reached XP level 6. HP: 34/34 MP: 2/16
  3046 | D:3      | Learned a level 2 spell: Blink
  3050 | D:3      | Learned a level 3 spell: Mephitic Cloud
  3056 | D:3      | Learned a level 5 spell: Lee's Rapid Deconstruction
  3666 | D:4      | Noticed Menkaure
  3736 | D:3      | Reached skill level 5 in Earth Magic
  3816 | D:4      | Killed Menkaure
  3816 | D:4      | Reached XP level 7. HP: 39/39 MP: 7/18
  4053 | D:4      | Reached skill level 6 in Earth Magic
  4060 | D:4      | Found a radiant altar of Vehumet.
  4369 | D:4      | You fall through a shaft for 2 floors!
  4521 | D:6      | Noticed cliffracer's ghost (novice OpSu)
  4566 | D:6      | Reached skill level 7 in Earth Magic
  4573 | D:6      | Noticed Edmund
  4595 | D:5      | Entered Level 5 of the Dungeon
  4728 | D:4      | Found a sparkling altar of Nemelex Xobeh.
  4741 | D:4      | Reached skill level 8 in Earth Magic
  4741 | D:4      | Reached XP level 8. HP: 7/44 MP: 0/19
  5143 | D:4      | Learned a level 4 spell: Petrify
  5268 | D:5      | Reached skill level 1 in Air Magic
  5398 | D:5      | Reached skill level 1 in Poison Magic
  5456 | D:4      | Reached skill level 1 in Translocations
  5853 | D:5      | Got a flickering ivory ring
  5924 | D:6      | Killed cliffracer's ghost
  5924 | D:6      | Reached skill level 9 in Earth Magic
  5924 | D:6      | Reached XP level 9. HP: 48/48 MP: 5/21
  5989 | D:5      | Killed Edmund
  6602 | D:6      | Found Weblaota's Book Emporium.
  6941 | D:7      | Found a sand-covered staircase.
  6948 | Ossuary  | Entered an ossuary
  7427 | D:7      | Identified the ring of Ikyck {rF++ rN+ MR- Str-4 Int+8} (You found it on level 5 of the Dungeon)
  7530 | D:7      | Found a bloodstained altar of Trog.
  7532 | D:7      | Found a hide-covered altar of Uskayaw.
  7538 | D:7      | Found a snail-covered altar of Cheibriados.
  7595 | D:7      | Found a staircase to the Ecumenical Temple.
  7621 | Temple   | Entered the Ecumenical Temple
  7627 | Temple   | Became a worshipper of Sif Muna the Loreminder
  7650 | D:7      | Found a shimmering altar of Xom.
  8052 | D:7      | Learned a level 2 spell: Sticks to Snakes
  8487 | D:8      | Reached skill level 5 in Conjurations
  8758 | D:8      | Noticed a two-headed ogre
  8796 | D:8      | Killed a two-headed ogre
  8796 | D:8      | Reached * piety under Sif Muna
  8796 | D:8      | Reached skill level 10 in Earth Magic
  9052 | D:8      | Reached XP level 10. HP: 53/53 MP: 17/24
  9190 | D:8      | Learned a level 1 spell: Apportation
  9420 | D:8      | Noticed Grum
  9428 | D:8      | Killed Grum
  9651 | D:8      | Reached ** piety under Sif Muna
  9788 | D:8      | Reached skill level 5 in Transmutations
  9986 | D:9      | Noticed Psyche
  9990 | D:9      | Killed Psyche
 10392 | D:9      | Reached skill level 1 in Invocations
 10469 | D:9      | Reached *** piety under Sif Muna
 10537 | D:9      | Noticed a two-headed ogre
 10541 | D:9      | Killed a two-headed ogre
 10541 | D:9      | Reached skill level 1 in Shields
 10541 | D:9      | Reached skill level 11 in Earth Magic
 10541 | D:9      | Reached skill level 5 in Poison Magic
 10648 | D:9      | Reached skill level 1 in Evocations
 10732 | D:9      | Found a staircase to the Lair.
 10771 | D:9      | Reached skill level 5 in Air Magic
 10771 | D:9      | Reached XP level 11. HP: 4/58 MP: 13/26
 11434 | D:10     | Entered Level 10 of the Dungeon
 11499 | Lair:1   | Entered Level 1 of the Lair of Beasts
 11737 | D:10     | Reached skill level 5 in Dodging
 11964 | D:10     | Noticed a two-headed ogre
 11978 | D:10     | Killed a two-headed ogre
 12058 | D:10     | Reached **** piety under Sif Muna
 12817 | Lair:1   | Noticed a seven-headed hydra
 12837 | Lair:1   | Killed a seven-headed hydra
 13077 | Lair:1   | Noticed a six-headed hydra
 13081 | Lair:1   | Killed a six-headed hydra
 13081 | Lair:1   | Reached skill level 5 in Stealth
 13081 | Lair:1   | Reached skill level 10 in Spellcasting
 14015 | Lair:2   | Noticed a six-headed hydra
 14260 | Lair:2   | Noticed a six-headed hydra
 14417 | Lair:2   | Noticed a death yak
 14417 | Lair:2   | Noticed a death yak
 14418 | Lair:2   | what the fuck is this lair:2
 14621 | Lair:1   | Reached XP level 12. HP: 73/73 MP: 28/28
 15007 | Lair:1   | Killed a death yak
 15007 | Lair:1   | Reached XP level 13. HP: 78/78 MP: 2/29
 15313 | D:10     | Noticed Fannar
 15342 | D:10     | Found Ovvaxit's Magic Scroll Shop.
 15350 | D:10     | Bought a scroll of blinking for 105 gold pieces
 15350 | D:10     | Bought a scroll of teleportation for 42 gold pieces
 16466 | D:10     | Killed Fannar
 16755 | D:10     | Bought a scroll of identify for 28 gold pieces
 16755 | D:10     | Bought a scroll of identify for 28 gold pieces
 16755 | D:10     | Bought a scroll of identify for 28 gold pieces
 16916 | D:11     | Found Tugro's Antique Weapon Boutique.
 17268 | D:11     | Found Qulussiq's Jewellery Emporium.
 17339 | D:11     | Noticed Josephine
 17340 | D:11     | Killed Josephine
 17832 | D:11     | Got an ancient leather armour
 17848 | D:11     | Identified the +2 leather armour of Disguise {Stlth+} (You found it on level 11 of the Dungeon)
 17991 | D:11     | Found a portal to a secret trove of treasure.
 18101 | D:11     | Noticed Dirtsage's ghost (journeyman VSFi)
 18111 | D:11     | Killed Dirtsage's ghost
 18269 | D:11     | Found Gogug's Book Emporium.
 18282 | D:11     | Found Umiuro's Weapon Shoppe.
 18311 | D:11     | Found Niwufuf's Distillery.
 18952 | D:11     | Bought a book of the Earth for 845 gold pieces
 18959 | D:11     | Learned a level 6 spell: Iron Shot
 19062 | D:12     | Got a translucent cloak
 19077 | D:11     | Identified the +0 cloak "Bozef" {+Inv} (You found it on level 12 of the Dungeon)
 19690 | D:12     | Reached skill level 12 in Earth Magic
 19901 | D:12     | Found a bloodstained altar of Trog.
 20080 | D:12     | Reached ***** piety under Sif Muna
 20080 | D:12     | Received a gift from Sif Muna
 20085 | D:12     | Identified Sif Muna's Handbook of the Damaging Traveller (Sif Muna gifted it to you on level 12 of the Dungeon)
 20796 | D:12     | Got an encrusted short sword
 20802 | D:12     | Identified the +3 short sword "Leviticus" {protect, -Tele rC+ MR+} (You found it on level 12 of the Dungeon)
 20850 | D:12     | Found Hobluitt's Armour Emporium.
 20856 | D:12     | Found a staircase to the Orcish Mines.
 22092 | D:13     | Reached XP level 14. HP: 66/84 MP: 12/32
 22496 | D:13     | Found a gate to the Vaults.
 22869 | D:14     | nice.
 23149 | D:14     | Found a shadowy altar of Dithmenos.
 23947 | D:14     | Identified Xiorock's Tome of Attacks and the Glacier (Sif Muna gifted it to you on level 14 of the Dungeon)
 23947 | D:14     | Received a gift from Sif Muna
 24111 | D:14     | nice.
 24407 | D:15     | Entered Level 15 of the Dungeon
 24412 | D:15     | Found a basalt altar of Yredelemnul.
 24430 | D:15     | Got a pair of shimmering gloves
 24441 | D:15     | Identified the cursed +0 pair of gloves "Qausk" {rElec rCorr Str-5 Dex+2} (You found it on level 15 of the Dungeon)
 24441 | D:15     | Lost strength.
 24536 | D:15     | Reached skill level 13 in Earth Magic
 24876 | Lair:1   | Learned a level 4 spell: Passage of Golubria
 25559 | Lair:1   | since when are basilisks strong
 26137 | Lair:2   | Found a hole to the Spider Nest.
 26204 | Lair:2   | Found a staircase to the Shoals.
 27640 | Lair:4   | Noticed Nergalle
 27649 | Lair:4   | Killed Nergalle
 28121 | Lair:4   | Identified 2 scrolls of acquirement
 28122 | Lair:4   | Got a steaming bone amulet
 28123 | Lair:4   | Identified the amulet "Jeom" {+Rage +Inv rC+ Dex+2} (You acquired it on level 4 of the Lair of Beasts)
 29352 | Lair:5   | Noticed Urug
 29358 | Lair:5   | Killed Urug
 29552 | Lair:5   | Noticed Nessos
 29569 | Lair:5   | Killed Nessos
 30185 | Lair:6   | Entered Level 6 of the Lair of Beasts
 30201 | Lair:6   | Reached skill level 14 in Earth Magic
 30821 | Lair:6   | Reached XP level 15. HP: 91/91 MP: 28/35
 30833 | Lair:6   | Identified Sif Muna's Catalogue of Attacks (Sif Muna gifted it to you on level 6 of the Lair of Beasts)
 30833 | Lair:6   | Received a gift from Sif Muna
 31500 | Lair:6   | Paralysed by a hornet for 2 turns
 33865 | Lair:6   | Reached skill level 10 in Conjurations
 34186 | Lair:6   | Found a staircase to the Slime Pits.
 34903 | Lair:1   | Learned a level 6 spell: Deflect Missiles
 35000 | Orc:1    | Entered Level 1 of the Orcish Mines
 35005 | Orc:1    | Reached skill level 1 in Charms
 35434 | Orc:1    | Noticed Snorg
 35600 | Orc:1    | Killed Snorg
 36027 | Orc:2    | Entered Level 2 of the Orcish Mines
 36066 | Orc:2    | Found a staircase to the Elven Halls.
 36208 | Orc:2    | Reached skill level 5 in Charms
 36998 | Orc:2    | Identified Sif Muna's Handbook of Shifting Calling (Sif Muna gifted it to you on level 2 of the Orcish Mines)
 36998 | Orc:2    | Received a gift from Sif Muna
 38383 | Orc:2    | Found Moeroweme's Book Emporium.
 38383 | Orc:2    | Found Bycheusm's Food Boutique.
 38385 | Orc:2    | Found Qipsaff's General Store.
 38387 | Orc:2    | Found Huumoceacyx's Gadget Shoppe.
 38396 | Orc:2    | Bought a scroll of blinking for 97 gold pieces
 38401 | Orc:2    | Bought a phantom mirror for 330 gold pieces
 38812 | D:15     | Found a staircase to the Depths.
 38866 | D:15     | Noticed Louise
 38890 | D:15     | Killed Louise
 38900 | D:15     | Reached skill level 15 in Earth Magic
 39776 | D:15     | Reached XP level 16. HP: 82/97 MP: 1/36
 39973 | D:15     | Reached skill level 16 in Earth Magic
 40792 | Depths:1 | Entered Level 1 of the Depths
 40794 | Depths:1 | Identified Sif Muna's Papyrus of Aid (Sif Muna gifted it to you on level 1 of the Depths)
 40794 | Depths:1 | Received a gift from Sif Muna
 41154 | Shoals:1 | Entered Level 1 of the Shoals
 41433 | D:6      | Bought Sif Muna's Collected Works on the Helpful Mountains for 485 gold pieces
 41437 | D:6      | Learned a level 3 spell: Regeneration
 41718 | Shoals:1 | Reached skill level 15 in Spellcasting
 42214 | Shoals:1 | Noticed Donald
 42267 | Shoals:1 | Killed Donald
 42841 | Shoals:1 | Slain by a merfolk

Skill      XL: |  1  2  3  4  5  6  7  8  9 10 11 12 13 14 15 16 |
---------------+-------------------------------------------------+-----
Fighting       | 1 2 7 8 9 |  9.9
Spellcasting   | 4 5 6 8 9 10 12 14 15 | 15.8
Earth Magic    | 4 5 8 9 10 11 12 14 15 16 | 16.5
Dodging        | 3 4 7 8 9 |  9.4
Conjurations   | 1 2 3 4 5 6 9 10 | 10.0
Air Magic      | 2 3 5 |  5.0
Poison Magic   | 2 4 5 |  5.0
Translocations | 2 3 4 |  4.5
Transmutations | 2 4 5 |  5.2
Invocations    | 1 3 4 |  4.5
Stealth        | 3 5 6 |  6.9
Shields        | 1 3 4 |  4.9
Evocations     | 1 2 3 4 |  4.2
Charms         | 8 |  8.5

Action                   |  1- 3 |  4- 6 |  7- 9 | 10-12 | 13-15 | 16-18 || total
-------------------------+-------+-------+-------+-------+-------+-------++-------
Melee: Dagger            |    21 |       |     1 |       |     4 |       ||    26
       Staff             |       |       |       |       |    27 |       ||    27
       Demon trident     |       |       |       |       |     1 |       ||     1
Throw: Javelin           |     4 |     1 |       |     2 |       |       ||     7
       Stone             |       |       |       |       |     1 |       ||     1
 Cast: Sandblast         |    40 |    71 |   165 |   118 |   225 |    23 ||   642
       Stone Arrow       |       |     8 |    27 |    74 |   337 |    16 ||   462
       Lee's Rapid Decon |       |       |    18 |    61 |   208 |    28 ||   315
       Mephitic Cloud    |       |       |     4 |     3 |    12 |       ||    19
       Sticks to Snakes  |       |       |     4 |       |   171 |    30 ||   205
       Blink             |       |       |       |     9 |    11 |     2 ||    22
       Petrify           |       |       |       |     1 |    41 |     4 ||    46
       Iron Shot         |       |       |       |       |   140 |    38 ||   178
       Apportation       |       |       |       |       |     1 |     2 ||     3
       Deflect Missiles  |       |       |       |       |     4 |     1 ||     5
       Regeneration      |       |       |       |       |       |     5 ||     5
Invok: Channel Magic     |       |       |       |       |     1 |     4 ||     5
 Abil: Evoke Invisibilit |       |       |       |       |     7 |       ||     7
Evoke: Wand              |       |       |     4 |     5 |    17 |     1 ||    27
  Use: Scroll            |       |     9 |    11 |     9 |    25 |       ||    54
       Potion            |       |       |       |     4 |       |       ||     4
 Stab: Sleeping          |     1 |       |       |       |       |       ||     1
  Eat: Chunk             |     1 |     8 |    15 |    22 |    82 |     8 ||   136
       Meat ration       |       |       |     1 |     1 |     5 |     1 ||     8
       Royal jelly       |       |       |       |       |     3 |       ||     3
       Fruit             |       |       |       |       |     1 |       ||     1
       Bread ration      |       |       |       |       |     1 |       ||     1
Armor: Robe              |     8 |     2 |    22 |     9 |    59 |     4 ||   104
Dodge: Dodged            |    20 |    23 |    63 |    65 |   374 |    18 ||   563
       Deflected         |       |       |       |       |    33 |     6 ||    39
Block: Other             |     2 |     2 |       |       |       |       ||     4
       Buckler           |       |       |       |     3 |   125 |    10 ||   138
       Reflection        |       |       |       |       |       |     2 ||     2
